 Dungeon Crawl Stone Soup version 0.20-a0-1122-gb7cbeb9 (webtiles) character file.

45 RumaTero the Poker (level 3, 0/28 HPs)
             Began as a Merfolk Skald on May 14, 2017.
             Succumbed to a worker ant's poison
             ... on level 2 of the Dungeon.
             The game lasted 00:06:58 (1535 turns).

RumaTero the Poker (Merfolk Skald)                  Turns: 1535, Time: 00:06:59

Health: 0/28       AC:  3    Str: 10 (11) XL:     3   Next: 64%
Magic:  6/6        EV: 13    Int:  9 (12) God:
Gold:   38         SH:  0    Dex: 13 (14) Spells: 5/6 levels left

rFire    . . .     SeeInvis .   a - +0 spear
rCold    . . .     Gourm    .   (no shield)
rNeg     . . .     Faith    .   i - +0 leather armour
rPois    .         Spirit   .   (no helmet)
rElec    .         Reflect  .   (no cloak)
rCorr    .         Harm     .   (no gloves)
MR       .....                  (no boots)
Stlth    +.........             (no amulet)
Regen    0.1/turn               (no ring)
MPRegen  0.1/turn               (no ring)

@: lethally poisoned (0 -> -7)
A: change form in water, swift swim, stealthy swim
a: no special abilities


You were on level 2 of the Dungeon.
You were very hungry.

You visited 1 branch of the dungeon, and saw 2 of its levels.

You collected 38 gold pieces.

Inventory:

Hand Weapons
 a - a +0 spear (weapon)
 b - a +0 hunting sling
Missiles
 h - 47 stones (quivered)
Armour
 i - a +0 leather armour (worn)
Wands
 p - a wand of polymorph (3/24)
Scrolls
 e - a scroll of noise {unknown}
 j - a scroll of immolation {unknown}
 k - a scroll of remove curse {unknown}
 l - 3 scrolls of identify {unknown}
 n - a scroll of teleportation {unknown}
Potions
 f - a potion of degeneration
 g - 2 potions of curing {unknown}
 m - a potion of might {unknown}
 o - a potion of magic {unknown}
Books
 c - a book of Battle

   Spells                             Type                      Level
   a - Infusion                       Charms                       1
   b - Shroud of Golubria             Charms/Translocation         2
   c - Song of Slaying                Charms                       2
   d - Spectral Weapon                Hexes/Charms                 3
   e - Regeneration                   Charms/Necromancy            3
Comestibles
 d - 2 bread rations


   Skills:
 + Level 2.9 Fighting
 * Level 4.4 Polearms
 - Level 0.6 Armour
 + Level 3.4 Dodging
 - Level 2.0 Spellcasting
 - Level 3.2 Charms


You had 5 spell levels left.
You knew the following spells:

 Your Spells              Type           Power        Failure   Level  Hunger
a - Infusion              Chrm           #...         12%         1    ##.....


Dungeon Overview and Level Annotations

Branches:
Dungeon (2/15)

Altars:

Annotations:
D:2 Robin, Terence


Message History

Aiming: Polymorph (will waste charges)
Press: ? - help, Shift-Dir - straight line, f/p - hound
Aim: a hound (chance to defeat MR: 54%)
The hound evaporates and reforms as a worker ant!
Evoking this partially-identified wand wasted a few charges.
The worker ant misses you. The worker ant misses you.
The worker ant closely misses you.
You see here a club.
You are feeling very hungry.
The worker ant bites you.
* * * LOW HITPOINT WARNING * * *
You are lethally poisoned!
The worker ant poisons you!
* * * LOW HITPOINT WARNING * * *
You feel sick.
It was a potion of degeneration.
There was something very wrong with that liquid.
You feel weakened.
You feel dopey.
You feel clumsy.
You die...

####.....#....#...###.## #.#
####.###...##....#.#....#.####.#
##.#.#.####...........#.###......
#...###.........)....###.#.####.#
##.#.#.#####.........# ##.## #..
#.##.## #......@.######### ###
#..### #.####.........# ##.# #.#
#.a.#####.# ###.# ###.#####@.#
#.# ....# #.....# #.....##.#
###.## #.....# ##.##.##.#
##.#.###.....# #.......#
#.###.##.....# #.##.##.#
#..#.###.....# #.## #.# ....#
####### #.. #.# ...(# #.# #.#
#.#.###### #.#####.#


You could see Terence and a worker ant.

Vanquished Creatures
  An ooze (D:1)
  2 dart slugs (D:1)
  2 giant cockroaches (D:1)
  5 goblins
  6 hobgoblins
  4 jackals (D:1)
  4 kobolds
  2 bats
  4 frilled lizards
  3 rats
33 creatures vanquished.

Notes
Turn   | Place    | Note
-------+----------+-------------------------------------------
     0 | D:1      | RumaTero the Merfolk Skald began the quest for the Orb.
     0 | D:1      | Reached XP level 1. HP: 16/16 MP: 3/3
   102 | D:1      | Reached XP level 2. HP: 16/23 MP: 5/5
   715 | D:1      | Reached skill level 4 in Polearms
   801 | D:1      | Reached XP level 3. HP: 28/28 MP: 6/6
   967 | D:2      | Noticed Robin
  1477 | D:2      | Noticed Terence
  1509 | D:2      | Noticed a killer bee
  1509 | D:2      | an adder changed into a killer bee
  1510 | D:2      | a killer bee changed into a hound
  1534 | D:2      | HP: 1/28 [poisoned by a worker ant]
  1535 | D:2      | Succumbed to a worker ant's poison

Vault maps used:
D:1:      saegor_arrival_simple_c
D:2:      uniq_terence, uniq_robin

Skill      XL: |  1  2 |
---------------+-------+-----
Dodging        | 3 |  3.4
Polearms       | 4 |  4.4
Fighting       | |  2.9
Armour         | |  0.6
Spellcasting   | |  2.0
Charms         | |  3.2

Action                   || total
-------------------------++-------
Melee: Spear             ||   122
 Fire: Hunting sling     ||    16
Evoke: Wand              ||     3
  Use: Potion            ||     1
 Stab: Sleeping          ||     1
  Eat: Chunk             ||     1
Armor: Leather armour    ||    22
Dodge: Dodged            ||    76
